AoeStats
← iqks3264

Arena

510526108Analyzed
1v1 RM · 20h ago on Oct 1, 2026· 39m 15s· 2 players
Game mode
Random Map
Map size
Tiny (2 player)
Population
200
Speed
Normal
Resources
Standard
Victory
Conquest
Starting age
Dark Age
Ending age
Imperial Age
RankedLock teamsTeams togetherTeam positionsShared explorationLock speedFull tech treeHidden civsTurbo modeCheats
Victory
Defeat
🇮🇳 Lithuanians · India
643
+18
🇮🇹 Romans · Italy
621
-15
rinocbr93
2:10 Loom
10:59 Feudal Age
16:49 Castle Age
16:18 Double-Bit Axe
20:36 Fervor
31:46 Imperial Age
30:03 Horse Collar
30:39 Pikeman
31:21 Squires
31:25 Town Watch
32:47 Wheelbarrow
36:19 Hand Cart
iqks3264
9:14 Feudal Age
9:45 Double-Bit Axe
11:10 Horse Collar
12:08 Loom
12:37 Stone Mining
18:17 Castle Age
19:28 Bow Saw
19:21 Heavy Plow
23:59 Husbandry
25:49 Scale Barding Armor
25:57 Forging
29:08 Iron Casting
30:47 Gold Mining
37:06 Imperial Age
35:21 Chain Barding Armor
36:45 Loom
37:35 Wheelbarrow
37:45 Cavalier
39:22 Crop Rotation
Connection lost

Rejoining the realm…

Still unreachable

The connection could not be restored.

Session expired

The server has moved on; the page needs a fresh start.